Description

Fenix Speedrun on Temple of the Past, any%

Replay - TotP_Fenix_大筒木娜娜_100__955FC

Build Order

Get SALT Encoding   

  12  0:03  Probe (Chrono Boost)  
  13  0:15  Probe (Chrono Boost)  
  14  0:27  Probe (Chrono Boost)  
  15  0:39  Probe (Chrono Boost)  
  16  0:41  Pylon  
  16  0:47  Assimilator  
  16  0:51  Probe (Chrono Boost)  
  17  1:03  Probe (Chrono Boost)  
  18  1:15  Probe (Chrono Boost)  
  19  1:20  Robotics Facility  
  19  1:24  Assimilator  
  19  1:27  Probe (Chrono Boost)  
  20  1:39  Probe (Chrono Boost)  
  21  1:42  Robotics Bay  
  21  1:51  Probe (Chrono Boost)  
  23  2:12  Immortal  
  24  2:27  Taldarin's A.I. Personality  
  29  2:49  Colossus  
  37  3:16  Warbringer's A.I. Personality  
  37  3:20  Gateway  
  37  3:26  Cybernetics Core  
  37  3:56  Gravimetric Overload  
  38  4:02  Twilight Council  
  38  4:16  Warp Gate  
  38  4:41  Gateway  
  38  4:51  Gateway x2  
  38  4:58  Immortal  
  38  4:59  Purification Blast  
  42  5:05  Pylon x2  
  42  5:48  Conservator  
  45  5:52  Gateway  
  45  6:12  Pylon  
  45  6:25  Legionnaire x2  
  45  6:27  Kaldalis' A.I. Personality  
  51  6:38  Pylon  
  51  6:48  Psionic Projection  
  51  6:49  Legionnaire  
  58  6:53  Immortal, Talis' A.I. Personality  
  58  7:07  Conservator  
  58  7:11  Legionnaire  
  61  7:30  Charge  
  61  7:33  Legionnaire x2  
  67  8:00  Conservator x2  
  71  8:12  Empowered Blades  
  65  8:43  Legionnaire x3  
  74  8:54  Debilitation System  
  74  8:57  Gateway x2  
  68  9:45  Observer  
Spawning Tool Build Advisor. Get it on Overwolf

Go to:

Details

  • Created by: Yuriprime
  • Published on: Jun 29, 2018
  • Modified on: Jun 29, 2018
  • Patch: 4.0.0
Show
View Real Time Build Order
Export as new Build Order

Comments (0)

There are no comments. Be the first!

Create an account to comment!